Map: Арена чести РВ

Players

CadoEverto

  • Race: Terran Terran
  • League: Master
  • Spawn Location: 5:00

Iksf - Winner!

  • Race: Zerg Zerg
  • League: Diamond
  • Spawn Location: 7:00

VOD

Have the link to the VOD?

Description

Time

  • Played on: Feb. 20, 2017, 12:25 p.m.
  • Length: 15:12
Show
View Real Time Build Order
Export as new Build Order

CadoEverto Terran 

Build Orders: Command Center First (CC), Mech 

Get SALT Encoding   

  12  0:01  SCV  
  13  0:13  SCV  
  14  0:17  Supply Depot  
  14  0:25  SCV  
  15  0:39  SCV  
  16  0:51  SCV  
  17  1:00  Command Center  
  17  1:03  SCV  
  18  1:14  Barracks  
  18  1:17  SCV  
  19  1:22  Refinery  
  19  1:29  SCV  
  19  1:31  Refinery  
  20  1:41  SCV  
  21  1:53  SCV  
  22  2:01  Marine  
  22  2:04  Supply Depot  
  22  2:06  Orbital Command  
  23  2:12  Orbital Command  
  23  2:23  Factory  
  23  2:26  Barracks Reactor  
  23  2:31  SCV  
  24  2:38  SCV  
  25  2:44  Factory  
  25  2:46  SCV  
  25  2:50  SCV  
  27  2:58  SCV  
  28  3:09  SCV  
  28  3:10  SCV  
  28  3:12  Barracks Reactor  
  30  3:14  Hellion x2  
  34  3:21  SCV  
  34  3:23  SCV  
  36  3:33  SCV  
  37  3:35  Cyclone x2, SCV  
  44  3:45  SCV  
  45  4:16  Supply Depot  
  45  4:17  Supply Depot  
  45  4:22  SCV  
  46  4:26  Armory  
  46  4:27  Command Center  
  46  4:34  Supply Depot  
  46  4:35  Supply Depot  
  46  4:38  Cyclone x2, Hellion x2, SCV x2  
  54  4:39  Supply Depot  
  54  4:40  Supply Depot  
  58  4:53  SCV x2  
  58  4:55  Refinery x2  
  58  4:59  Cyclone, Hellion  
  65  5:05  SCV  
  65  5:06  Supply Depot  
  66  5:10  Hellion  
  66  5:11  Cyclone  
  71  5:16  SCV  
  71  5:17  Terran Vehicle Weapons Level 1  
  72  5:22  SCV  
  72  5:28  SCV  
  74  5:30  Cyclone  
  74  5:34  SCV  
  78  5:40  SCV  
  79  5:46  Orbital Command, SCV  
  79  5:47  Refinery  
  80  5:50  Refinery  
  80  5:52  SCV  
  81  5:58  Hellion x3  
  81  5:59  SCV  
  88  6:04  Armory, SCV  
  88  6:11  SCV  
  90  6:14  Hellion  
  90  6:16  SCV x2  
  94  6:19  Hellion  
  94  6:23  SCV  
  97  6:28  SCV x2  
  99  6:33  Factory  
  99  6:35  Factory, SCV  
  99  6:36  Factory  
  99  6:38  Cyclone  
  103  6:40  Cyclone, SCV x2  
  103  6:47  Supply Depot, SCV  
  108  6:50  Supply Depot  
  108  6:52  SCV x2  
  111  7:00  SCV  
  112  7:04  Terran Vehicle And Ship Armor Level 1  
  112  7:07  SCV x2  
  114  7:15  Supply Depot  
  114  7:18  Supply Depot, Factory Tech Lab x2, Refinery  
  114  7:19  Command Center  
  114  7:20  Factory Tech Lab, Refinery  
  114  7:23  Hellion x2  
  114  7:25  Terran Vehicle Weapons Level 2  
  114  7:27  SCV x2  
  114  7:28  SCV  
  121  7:39  Infernal Pre-Igniter, SCV  
  121  7:40  Siege Tank, SCV  
  121  7:41  Siege Tank x2  
  130  7:45  Supply Depot  
  130  7:49  Supply Depot  
  130  7:50  SCV  
  131  7:51  SCV  
  131  7:52  SCV  
  133  8:02  SCV  
  134  8:12  Siege Tank  
  134  8:13  Siege Tank  
  134  8:16  SCV x3  
  134  8:17  Siege Tank  
  134  8:18  Engineering Bay  
  146  8:21  Supply Depot  
  146  8:24  Supply Depot, Cyclone  
  146  8:25  Cyclone x2  
  155  8:28  SCV  
  155  8:31  Orbital Command  
  157  8:34  SCV x2  
  158  8:44  Hellion  
  158  8:45  Siege Tank x2  
  166  8:49  Supply Depot, Siege Tank  
  169  8:57  Hellion  
  169  9:02  Terran Vehicle And Ship Armor Level 2  
  171  9:13  SCV x2  
  171  9:14  Supply Depot, SCV  
  177  9:17  Siege Tank x2  
  177  9:21  Siege Tank  
  183  9:35  Hellion x4  
  166  9:57  Thor x3  
  149  10:09  Hellion x3  
  134  10:14  Missile Turret  
  134  10:15  Missile Turret  
  134  10:16  Missile Turret  
  134  10:18  Missile Turret  
  134  10:19  Missile Turret  
  134  10:21  Missile Turret  
  129  10:23  Hellion  
  129  10:27  Starport  
  130  10:32  Starport  
  130  10:34  Starport  
  118  10:37  Starport  
  118  10:40  Thor x3  
  107  10:54  SCV  
  97  11:10  Starport Reactor  
  97  11:12  Starport Reactor x2, Missile Turret x2  
  97  11:13  Missile Turret  
  95  11:22  Thor  
  95  11:23  Thor  
  106  11:26  Starport Reactor  
  106  11:32  Missile Turret, SCV  
  107  11:33  SCV  
  107  11:34  Missile Turret, SCV  
  107  11:37  Missile Turret  
  109  11:40  Liberator, Missile Turret  
  109  11:45  SCV x2  
  109  11:46  Liberator, SCV  
  108  11:49  Hellion, Hellbat  
  112  11:57  SCV x2  
  112  11:58  SCV  
  121  12:09  SCV x2  
  121  12:11  SCV  
  124  12:21  Thor x2, SCV x2  
  138  12:23  SCV  
  129  12:33  SCV x2  
  129  12:35  SCV  
  129  12:36  Siege Tank  
  129  12:37  Hellbat x4  
  97  12:45  Liberator, SCV x2  
  97  12:47  SCV  
  100  12:53  Supply Depot  
  103  13:09  Refinery  
  103  13:11  Command Center  
  103  13:15  Refinery  
  103  13:24  Liberator x3, Supply Depot  
  90  13:44  SCV x2  
  71  13:55  Hellion x3, Cyclone x3  
  68  14:22  Orbital Command  
  43  14:41  Viking x3  
  49  14:46  Hellion  
Show
View Real Time Build Order
Export as new Build Order

Iksf Zerg - Winner!

Build Orders: Hatch First, Muta Ling Bane, Swarm Host 

Get SALT Encoding   

  12  0:00  Drone  
  13  0:13  Overlord  
  13  0:18  Drone  
  14  0:31  Drone x2  
  16  0:37  Drone  
  17  0:54  Hatchery  
  16  0:57  Drone  
  16  1:00  Drone  
  16  1:04  Extractor  
  17  1:17  Spawning Pool  
  16  1:20  Drone  
  16  1:23  Drone  
  18  1:31  Drone  
  19  1:41  Overlord  
  19  2:04  Queen  
  19  2:05  Zergling x4  
  19  2:06  Queen  
  25  2:09  Metabolic Boost  
  25  2:13  Drone  
  26  2:17  Drone  
  26  2:19  Drone  
  28  2:24  Drone  
  29  2:31  Drone  
  30  2:40  Overlord  
  30  2:47  Drone  
  30  2:48  Drone  
  32  2:57  Hatchery  
  31  3:01  Drone x3  
  34  3:08  Overlord  
  34  3:13  Drone  
  35  3:22  Drone  
  35  3:23  Drone x5  
  41  3:31  Overlord  
  41  3:38  Roach Warren, Drone x2  
  42  3:43  Queen  
  42  3:44  Queen  
  46  3:58  Extractor  
  46  4:00  Drone  
  45  4:14  Queen  
  46  4:18  Roach  
  46  4:19  Roach x6  
  46  4:20  Roach  
  62  4:25  Overlord  
  62  4:27  Overlord x2  
  62  4:30  Evolution Chamber  
  61  4:34  Overlord  
  61  4:35  Overlord  
  61  4:42  Overlord x2  
  61  4:47  Overlord  
  61  4:48  Roach  
  63  4:56  Drone  
  63  4:57  Drone x3  
  67  5:01  Ravager x2  
  67  5:04  Drone x3  
  72  5:08  Ravager  
  72  5:10  Extractor, Drone x2  
  72  5:11  Drone  
  76  5:14  Drone  
  76  5:15  Drone  
  77  5:21  Queen  
  77  5:23  Drone x2  
  77  5:25  Drone  
  82  5:28  Drone x2  
  82  5:32  Zerg Missile Weapons Level 1  
  82  5:33  Drone  
  85  5:36  Drone x2  
  85  5:40  Drone x3  
  90  5:43  Drone x2  
  92  5:50  Lair  
  92  5:51  Roach x2  
  92  5:55  Ravager  
  97  6:02  Roach x2  
  101  6:05  Roach  
  101  6:09  Roach  
  101  6:10  Roach  
  107  6:13  Roach  
  107  6:16  Roach  
  111  6:19  Roach  
  111  6:22  Overlord x3  
  113  6:25  Extractor  
  113  6:26  Extractor  
  113  6:29  Roach  
  113  6:33  Overlord, Spore Crawler, Queen  
  113  6:34  Overlord x2  
  114  6:40  Overlord x2  
  114  6:46  Baneling Nest  
  113  6:53  Drone  
  113  6:54  Drone x8  
  118  6:56  Hatchery  
  118  7:00  Extractor  
  120  7:02  Drone, Spire  
  120  7:07  Evolution Chamber  
  120  7:08  Drone  
  120  7:09  Drone  
  121  7:22  Glial Reconstitution  
  121  7:27  Overlord x2, Zerg Melee Weapons Level 1  
  121  7:31  Centrifical Hooks  
  121  7:33  Infestation Pit  
  120  7:43  Overlord  
  120  7:46  Zerg Ground Armor Level 1  
  120  7:47  Drone x6  
  126  8:03  Hatchery  
  126  8:05  Extractor x2  
  124  8:06  Extractor x2  
  121  8:18  Drone x3  
  121  8:19  Drone x3  
  127  8:20  Drone x2  
  127  8:21  Drone x3  
  127  8:22  Drone x2  
  134  8:30  Zerg Flyer Weapons Level 1  
  134  8:32  Overseer  
  134  8:35  Mutalisk x7  
  134  8:39  Mutalisk  
  150  8:44  Mutalisk  
  150  8:45  Mutalisk  
  154  8:49  Mutalisk  
  154  8:55  Zergling x16  
  158  8:59  Mutalisk x2  
  168  9:07  Mutalisk x2  
  172  9:10  Zergling x2  
  172  9:11  Zergling x4  
  175  9:17  Mutalisk  
  175  9:18  Mutalisk  
  179  9:27  Mutalisk x3  
  185  9:34  Overlord x2  
  168  9:48  Mutalisk x4  
  138  9:56  Mutalisk x3  
  136  10:06  Zergling x26  
  144  10:09  Zergling x2  
  145  10:27  Hatchery  
  144  10:37  Hatchery  
  144  10:42  Swarm Host x9  
  163  10:56  Swarm Host  
  163  10:57  Swarm Host x2  
  157  11:04  Swarm Host x2  
  166  11:05  Zerg Melee Weapons Level 2  
  172  11:23  Mutalisk x4  
  180  11:26  Swarm Host x2  
  180  11:30  Overlord  
  186  11:48  Swarm Host  
  186  11:49  Swarm Host x3  
  198  11:55  Drone  
  199  12:03  Baneling x3  
  199  12:04  Baneling x16  
  199  12:05  Baneling  
  197  12:28  Hatchery  
  187  12:34  Zergling x24  
  158  12:41  Zergling x4  
  146  12:47  Zergling x6  
  146  12:48  Zergling x8  
  153  12:51  Hive  
  153  12:52  Zerg Missile Weapons Level 2  
  153  12:53  Hydralisk Den  
  152  12:58  Zergling x2  
  152  12:59  Zergling x6  
  152  13:05  Baneling x9  
  156  13:17  Baneling x8  
  156  13:18  Zergling x10  
  156  13:19  Zergling x4  
  163  13:23  Muscular Augments  
  163  13:25  Corruptor  
  163  13:26  Corruptor x3  
  159  13:44  Zergling x14  
  159  13:45  Zergling x2  
  154  13:57  Corruptor x4  
  154  13:59  Drone x3  
  154  14:00  Drone x2  
  163  14:05  Overlord x2  
  163  14:07  Drone x2  
  163  14:09  Drone x2  
  163  14:29  Corruptor x5  
  171  14:43  Zergling x24  
  171  14:44  Drone x2  
  185  14:55  Extractor  
Tags
 
Add a new tag
Caveats
  • Supply blocks, unpowered buildings, or Contaminate may cause inaccurate times.
  • Supply counts are checked every 10 seconds.